 Dungeon Sprint DCSS version 0.31.0-12-g77e489cdc1 (webtiles) character file.

Game seed: 13297099814930361870

12 Kallu the Ruffian (level 2, 0/28 HPs)
             Began as a Ghoul Monk on Feb 15, 2024.
             Was a Priest of Wu Jian.
             Slain by a river rat (5 damage)
             ... in the Dungeon (Sprint VI: "Thunderdome").
             The game lasted 00:02:30 (335 turns).

Kallu the Ruffian (Ghoul Monk)                       Turns: 335, Time: 00:02:31

Health: 0/28       AC:  2    Str: 14    XL:     2   Next: 62%
Magic:  2/2        EV: 12    Int:  9    God:    Wu Jian [***...]
Gold:   220        SH:  0    Dex: 11    Spells: 1/1 levels left

rFire   . .          .
                       - Unarmed
rCold   + . .        c - orb {light}
rNeg    + + +        a - +0 robe
rPois   ∞            (no helmet)
rElec   .            (no cloak)
rCorr   .            (no gloves)
SInv    .            (no boots)
Will    .....        (no amulet)
Stlth   +            (no ring)
HPRegen 0.00/turn    (no ring)
MPRegen 0.08/turn

%: no teleportation
@: inhibited regen, glowing
A: claws 1, cold resistance 1, negative energy resistance 3, inhibited
regeneration, torment resistance 2, devour on kill
a: Renounce Religion, Wall Jump, Serpent's Lash


You were in the Dungeon.
You worshipped Wu Jian.
Wu Jian was most pleased with you.
You visited 1 branch You collected 220 gold pieces.

Inventory:

Armour
 a - a +0 robe (worn)
 c - an orb of light (worn)
Wands
 j - a wand of acid (5)
 k - a wand of iceblast (5)
Scrolls
 h - 4 scrolls of blinking
 l - 3 scrolls of fog
Potions
 b - a potion of ambrosia
 d - a potion of curing
 e - 4 potions of heal wounds
 f - 4 potions of haste
 g - 2 potions of magic
 i - a potion of resistance


   Skills:
 + Level 4.6 Fighting
 - Level 2.6 Dodging
 * Level 5.6 Unarmed Combat


You had one spell level left.
You didn't know any spells.
Your spell library was empty.

Dungeon Overview and Level Annotations

Branches:
Dungeon (1/1)

Altars:
Cheibriados
Dithmenos
Fedhas
Gozag
Kikubaaqudgha
Makhleb
Okawaru
Qazlal
Ru
Sif Muna
Trog
Uskayaw
Vehumet
Wu Jian
Xom
Yredelemnul
Lugonu

Shops:
D *[=??*?*:[((!!!!


Innate Abilities, Weirdness & Mutations

You are immune to poison.
You have sharp fingernails.
Your flesh is cold resistant. (rC+)
You are immune to negative energy. (rN+++)
You do not regenerate when monsters are visible.
You are immune to unholy pain and torment.
You thrive by killing the living.


Message History

The river rat closely misses you.
You scratch the river rat but do no damage.
The river rat is moderately wounded.
You scratch the river rat.
The river rat is heavily wounded.
The river rat barely misses you.
You scratch the river rat.
The river rat is almost dead.
The river rat bites you!
You barely miss the river rat.
The river rat is almost dead.
The river rat bites you.
You scratch the river rat.
The river rat is almost dead.
The river rat bites you!
* * * LOW HITPOINT WARNING * * *
You scratch the river rat but do no damage.
The river rat is almost dead.
The river rat barely misses you.
You claw the river rat!
You kill the river rat!
The Council accepts your kill.
You feel better.
Your Unarmed Combat skill increases to level 5!
Unknown command.
You start resting.
A river rat comes into view.
The river rat squeaks loudly.
You barely miss the river rat. The river rat bites you!
* * * LOW HITPOINT WARNING * * *
You spin and attack the river rat.
You barely miss the river rat. The river rat barely misses you.
Aiming: Wall Jump
Press: ? - help, Dir - move target You repeatedly attack the river rat from above.
You barely miss the river rat.
You scratch the river rat but do no damage. 50...
The river rat bites you.
You die...

##⌠§⌠## #.....# ##.....##
##∩.....∩## #∩.......∩#
#_......._# #_......._#
#_....°○r_# ###)....°@○.###
#⌠......○°○..⌠#
######.8........†8.######
##∩___......###......_._∩##
##∩........8.# #.8........∩###
.............###.............##
..........###...###....÷.....⌠#
..........# #.<.# #..........⌠#
..........###...###........(.⌠#


You could see a river rat.

Vanquished Creatures
  A river rat (D)
  A ball python (D)
  A goblin (D)
  A hobgoblin (D)
  A quokka (D)
  A bat (D)
  A kobold (D)
  2 rats (D)
9 creatures vanquished.

Notes
Turn   | Place    | Note
-------+----------+-------------------------------------------
     0 | D        | Kallu the Ghoul Monk began the quest for the Orb.
     0 | D        | Reached XP level 1. HP: 19/19 MP: 1/1
     0 | D        | Found a shimmering altar of Xom.
     1 | D        | Found a stormy altar of Qazlal.
     1 | D        | Found a shadowy altar of Dithmenos.
     3 | D        | Found Fusoirr's Do-It-Yourself Clinic.
     3 | D        | Found a basalt altar of Yredelemnul.
     3 | D        | Found Maikk's Distillery.
     4 | D        | Found Uzoutu's Bottled Wisdom.
     4 | D        | Found Nitog's Distillery.
     5 | D        | Round 1.
     8 | D        | Found an ancient bone altar of Kikubaaqudgha.
     9 | D        | Found a hide-covered altar of Uskayaw.
    10 | D        | Found an iron altar of Okawaru.
    10 | D        | Found a bloodstained altar of Trog.
    10 | D        | Found a burning altar of Makhleb.
    10 | D        | Found Dotroid's Staff Store.
    10 | D        | Found Lialiden's Magic Scroll Shop.
    11 | D        | Found Arirchud's Must-Have Magic.
    11 | D        | Found Folajica's Magic Scroll Shop.
    16 | D        | Found a corrupted altar of Lugonu.
    17 | D        | Found an opulent altar of Gozag.
    18 | D        | Found Luask's Timeless Talismans.
    19 | D        | Found Hisehie's Jewellery.
    19 | D        | Found Mirchiric's Advanced Armour.
    20 | D        | Found an ornate altar of the Wu Jian Council.
    20 | D        | Found a radiant altar of Vehumet.
    20 | D        | Found a snail-covered altar of Cheibriados.
    20 | D        | Found Apushew Gumo's Identification Station.
    24 | D        | Found a sacrificial altar of Ru.
    28 | D        | Became a worshipper of the Wu Jian Council
    28 | D        | Reached * piety under Wu Jian
    28 | D        | Reached ** piety under Wu Jian
    62 | D        | Reached skill level 4 in Unarmed Combat
    91 | D        | Found Saedgh's Weapon Rack.
    92 | D        | Found a shimmering blue altar of Sif Muna.
    92 | D        | Found a blossoming altar of Fedhas.
    92 | D        | Found Vyhil's Premium Goods.
    92 | D        | Found Pomoid's Basic Armour.
    92 | D        | Found Qagoacwu's Miscellaneous Merchandise.
   162 | D        | Arena points: 12 (+12) [x2]
   202 | D        | Round 2.
   209 | D        | Reached *** piety under Wu Jian
   233 | D        | Reached XP level 2. HP: 27/27 MP: 2/2
   313 | D        | Reached skill level 5 in Unarmed Combat
   335 | D        | Slain by a river rat

Illustrated notes

Levels and vault maps discovered:
D:        arena_sprint

Skill      XL: |  1  2 |
---------------+-------+-----
Unarmed Combat | 4 5 |  5.6
Fighting       | 4 |  4.6
Dodging        | |  2.6

Action                     || total
---------------------------++-------
  Melee: Unarmed           ||    30
Ability: Lunge             ||     5
         Whirlwind         ||     2
         Wall Jump         ||     1
 Armour: Robe              ||     9
  Dodge: Dodged            ||    11
